[Event "Titled Tuesday Blitz March 15 Early 2022"]
[White "Yang, Kaiqi"]
[Black "Tsatsalashvili, Keti"]
[WhiteFideId "8604398"]
[BlackFideId "13603434"]
[WhiteElo "2373"]
[BlackElo "2246"]
[Result "1-0"]
[Round "05"]
[TimeControl "180+1"]
[Date "2022.03.15"]
[WhiteClock "0:00:12"]
[BlackClock "0:00:11"]

1. e4 c5 2. Nc3 Nc6 3. Bb5 Nd4 4. Nf3 Nxb5 5. Nxb5 d6 6. O-O Nf6 7. d4 cxd4 8. Qxd4 a6 9. Nc3 e6 10. Bg5 Be7 11. Rad1 b5 12. a4 bxa4 13. Qxa4+ Bd7 14. Qc4 Qc8 15. Qd3 Rb8 16. b3 O-O 17. e5 dxe5 18. Nxe5 Bb5 19. Nxb5 Rxb5 20. Bxf6 Bxf6 21. Nd7 Re8 22. c4 Rg5 23. f4 Rg6 24. c5 Bb2 25. f5 exf5 26. Qxf5 f6 27. Rf2 Ba3 28. Qd5+ Kh8 29. c6 Bb4 30. g3 Rg5 31. Qc4 a5 32. Kg2 h5 33. h4 Rg4 34. Qc2 Qc7 35. Rf3 Rc8 36. Rd5 Qxc6 37. Rxh5+ Kg8 38. Qh7+ Kf7 39. Nxf6 Qc2+ 40. Kh3 Qxh7 41. Nxh7+ Kg6 42. Rg5+ Rxg5 43. Nxg5 Rc3 44. Rxc3 Bxc3 45. Ne4 Bb4 46. Kg4 Kf7 47. h5 Ke6 48. Ng5+ Ke5 49. Kf3 Kf5 50. Nf7 Be7 51. g4+ Kf6 52. Nh8 Bd6 53. Ng6 Bc5 54. Ke4 Kg5 55. Kf3 Bb4 56. Ne5 Kf6 57. Nc6 Ba3 58. Nxa5 Bb4 59. Nc4 Bc3 60. Ne3 Ba5 61. Ng2 Kg5 62. Ne3 Bb6 63. Nc4 Bc5 64. Nd2 g6 65. Ne4+ Kh4 66. Nxc5 gxh5 67. gxh5 Kxh5 68. b4 Kg6 69. b5 Kf6 70. b6 Ke5 71. b7 Kd5 72. b8=Q Kxc5 73. Qb7 Kc4 74. Qb6 1-0


[Site "https://www.chess.com"]

[Event "Titled Tuesday Blitz March 15 Early 2022"]
[White "Zheenbekov, Nurgazy"]
[Black "Gatterer, Florian"]
[WhiteFideId "13800485"]
[BlackFideId "811688"]
[WhiteElo "1959"]
[BlackElo "2218"]
[Result "0-1"]
[Round "05"]
[TimeControl "180+1"]
[Date "2022.03.15"]
[WhiteClock "0:00:12"]
[BlackClock "0:00:17"]

1. e4 e5 2. Nf3 Nc6 3. Bb5 Nf6 4. O-O Nxe4 5. Re1 Nd6 6. Bxc6 dxc6 7. Nxe5 Be7 8. d4 O-O 9. c3 Be6 10. Bf4 Nc4 11. Nxc4 Bxc4 12. Nd2 Be6 13. Qf3 Bd6 14. Qg3 Bxf4 15. Qxf4 Qd6 16. Qg3 Rad8 17. a3 a6 18. Ne4 Qxg3 19. hxg3 b6 20. f3 Bf5 21. Nd2 Rfe8 22. Kf2 Bd3 23. Rxe8+ Rxe8 24. Re1 Rxe1 25. Kxe1 Kf8 26. Kf2 Ke7 27. Nb3 Bc4 28. Nd2 Bd3 29. g4 h6 30. f4 Kd6 31. Ke3 Bc2 32. g3 c5 33. Nf3 Bd1 34. Ne5 f6 35. dxc5+ Kxc5 36. Nd3+ Kc4 37. Nf2 Bc2 38. Kd2 Bb1 39. Nd1 Bg6 40. Ne3+ Kc5 41. b4+ Kd6 42. c4 Be4 43. Kc3 c5 44. Nf5+ Bxf5 45. gxf5 cxb4+ 46. axb4 Kc6 47. Kd4 a5 48. b5+ Kd6 49. c5+ bxc5+ 50. Kc4 a4 51. g4 Kc7 0-1


[Site "https://www.chess.com"]

[Event "Titled Tuesday Blitz March 15 Early 2022"]
[White "Zomorrodian, Eilia"]
[Black "Koridze, Lile"]
[WhiteFideId "12551805"]
[BlackFideId "13612514"]
[WhiteElo "2098"]
[BlackElo "1999"]
[Result "1-0"]
[Round "05"]
[TimeControl "180+1"]
[Date "2022.03.15"]
[WhiteClock "0:00:18"]
[BlackClock "0:00:01"]

1. e4 c5 2. Nf3 d6 3. Bb5+ Nd7 4. O-O Nf6 5. Re1 a6 6. Bd3 g6 7. c3 Bg7 8. Bc2 O-O 9. d4 cxd4 10. cxd4 b5 11. a3 Bb7 12. Nc3 Rc8 13. Bg5 e5 14. Qe2 exd4 15. Nxd4 Ne5 16. Rad1 Qb6 17. Bb3 Nc4 18. Bxc4 Rxc4 19. Be3 Qc7 20. f3 d5 21. exd5 Nxd5 22. Nxd5 Bxd5 23. Nxb5 Bxf3 24. Nxc7 Bxe2 25. Rxe2 Rxc7 26. b4 Re8 27. Kf2 Rc3 28. a4 Rb3 29. Bc5 Rxe2+ 30. Kxe2 h5 31. Rd8+ Kh7 32. Rd7 Ra3 33. a5 Kg8 34. Rd8+ Kh7 35. Ra8 Ra2+ 36. Kf3 g5 37. h3 Be5 38. Rxa6 f6 39. g4 Ra3+ 40. Ke4 Rxh3 41. gxh5 Rxh5 42. Kf5 Rh1 43. Ra7+ Kg8 44. Kg6 Bb8 45. Ra8 1-0


[Site "https://www.chess.com"]

[Event "Titled Tuesday Blitz March 15 Early 2022"]
[White "volunteers1998"]
[Black "Pajeken, Jakob Leon"]
[BlackFideId "12942839"]
[WhiteElo "2276"]
[BlackElo "2351"]
[Result "0-1"]
[Round "05"]
[TimeControl "180+1"]
[Date "2022.03.15"]
[WhiteClock "0:00:32"]
[BlackClock "0:00:17"]

1. e4 e5 2. Nf3 Nc6 3. Bc4 Bc5 4. b4 Bxb4 5. c3 Be7 6. d4 Na5 7. Nxe5 Nxc4 8. Nxc4 d5 9. exd5 Qxd5 10. Ne3 Qa5 11. O-O Nf6 12. Re1 O-O 13. Bd2 Qa6 14. c4 Rd8 15. d5 b5 16. cxb5 Qxb5 17. Nc3 Qd7 18. Rb1 c6 19. Qe2 cxd5 20. Nexd5 Nxd5 21. Nxd5 Qxd5 22. Qxe7 Be6 23. Bc3 Rdc8 24. Ba1 h6 25. Rb7 Re8 26. Qb4 a5 27. Qb2 Qg5 28. Rc7 Bd5 29. Rxe8+ Rxe8 30. f4 Qg4 31. h3 Qg3 32. Rc1 Bxg2 33. Qxg2 Qe3+ 34. Kh1 Qxc1+ 35. Qg1 Re1 0-1


[Site "https://www.chess.com"]

[Event "Titled Tuesday Blitz March 15 Early 2022"]
[White "Agibileg, Uurtsaikh"]
[Black "Zhigalko, Sergei"]
[WhiteFideId "4901606"]
[BlackFideId "13502956"]
[WhiteElo "2205"]
[BlackElo "2662"]
[Result "0-1"]
[Round "06"]
[TimeControl "180+1"]
[Date "2022.03.15"]
[WhiteClock "0:00:01"]
[BlackClock "0:00:02"]

1. d4 Nf6 2. c4 e6 3. Nc3 Bb4 4. a3 Bxc3+ 5. bxc3 c5 6. f3 d5 7. cxd5 exd5 8. e3 O-O 9. Bd3 Re8 10. Ne2 b6 11. O-O Ba6 12. Ng3 Bxd3 13. Qxd3 Nc6 14. Bb2 Qd7 15. Rae1 Rad8 16. e4 cxd4 17. cxd4 dxe4 18. fxe4 Nxd4 19. Rxf6 gxf6 20. Nh5 Re6 21. Kh1 Qb5 22. Qg3+ Kf8 23. e5 Qxb2 24. Qg7+ Ke7 25. exf6+ Kd6 26. Rd1 Kc6 27. Qxf7 Qc2 28. Rg1 Qc5 29. Nf4 Re4 0-1


[Site "https://www.chess.com"]

[Event "Titled Tuesday Blitz March 15 Early 2022"]
[White "Agrest, Evgenij"]
[Black "Samadov, Read"]
[WhiteFideId "1705024"]
[BlackFideId "13417444"]
[WhiteElo "2574"]
[BlackElo "2084"]
[Result "0-1"]
[Round "06"]
[TimeControl "180+1"]
[Date "2022.03.15"]
[WhiteClock "0:00:04"]
[BlackClock "0:00:15"]

1. d4 Nf6 2. Nc3 d5 3. Bf4 c5 4. e3 a6 5. Nf3 cxd4 6. exd4 Nc6 7. Ne5 Bd7 8. Be2 e6 9. O-O Bb4 10. a3 Ba5 11. Bf3 O-O 12. Ne2 Bc7 13. Bg3 Nxe5 14. dxe5 Ne4 15. Bxe4 dxe4 16. Nc3 Bc6 17. Qe2 Qg5 18. Nxe4 Qg6 19. Nd6 h5 20. h4 Rad8 21. Qd3 f5 22. f4 Bxd6 23. exd6 Be4 24. Qe3 Rxd6 25. Rf2 Rfd8 26. Kh2 Kh7 27. Re1 Qg4 28. Qc3 Rd1 29. Rxd1 Rxd1 30. Qe5 Rc1 31. Qxe6 Qd1 32. Kh3 Qh1+ 33. Bh2 Rf1 34. Rd2 Rf3+ 35. gxf3 Qxf3+ 36. Bg3 Qf1+ 0-1


[Site "https://www.chess.com"]

[Event "Titled Tuesday Blitz March 15 Early 2022"]
[White "Alinasab, Mobina"]
[Black "Weishaeutel, Moritz"]
[WhiteFideId "12528897"]
[BlackFideId "12967300"]
[WhiteElo "2052"]
[BlackElo "2002"]
[Result "1-0"]
[Round "06"]
[TimeControl "180+1"]
[Date "2022.03.15"]
[WhiteClock "0:00:18"]
[BlackClock "0:00:23"]

1. e4 e5 2. Nf3 Nf6 3. Nxe5 Nc6 4. Nf3 Nxe4 5. d4 d5 6. Bd3 Bd6 7. O-O Bg4 8. c3 Qd7 9. Nbd2 Nxd2 10. Bxd2 O-O-O 11. b4 f6 12. a4 h5 13. a5 h4 14. b5 Ne7 15. b6 a6 16. Qe2 h3 17. g3 c6 18. c4 Nf5 19. Be3 Rde8 20. cxd5 Nxd4 21. Nxd4 Bxe2 22. dxc6 Bxf1 23. cxd7+ Kxd7 24. Kxf1 Re5 25. Bf5+ Ke7 26. Bg4 Bb4 27. Bf3 Rb8 28. Bxb7 Rxb7 29. Nc6+ Kd6 30. Nxb4 Rb5 31. Nxa6 Kc6 32. Nc7 Rb2 33. a6 R7xb6 34. Bxb6 Kxb6 35. a7 Ra2 36. Rxa2 1-0


[Site "https://www.chess.com"]

[Event "Titled Tuesday Blitz March 15 Early 2022"]
[White "Andreikin, Dmitry"]
[Black "Gurevich, Dmitry"]
[WhiteFideId "4158814"]
[BlackFideId "2000407"]
[WhiteElo "2736"]
[BlackElo "2506"]
[Result "1-0"]
[Round "06"]
[TimeControl "180+1"]
[Date "2022.03.15"]
[WhiteClock "0:01:21"]
[BlackClock "0:00:25"]

1. d4 Nf6 2. c4 a6 3. Nc3 c5 4. dxc5 e6 5. e4 Qc7 6. f4 Bxc5 7. e5 Ng8 8. Ne4 f5 9. exf6 Nxf6 10. Nxf6+ gxf6 11. Qh5+ Ke7 12. Qh6 Rf8 13. Nf3 Nc6 14. Bd2 Nd4 15. O-O-O Nxf3 16. gxf3 b5 17. Bd3 Bb7 18. Rhg1 Bxg1 19. Rxg1 Rf7 20. Bc3 Raf8 21. Rg7 Rxg7 22. Qxg7+ Ke8 23. Bb4 Qxf4+ 24. Kc2 Qxh2+ 25. Kb3 bxc4+ 26. Bxc4 d6 27. Qxb7 Qe5 28. Bc3 Qe3 29. Bxa6 Rf7 30. Qc8+ Ke7 31. Bb5 1-0


[Site "https://www.chess.com"]

[Event "Titled Tuesday Blitz March 15 Early 2022"]
[White "Aravindh, Chithambaram VR."]
[Black "Xiong, Jeffery"]
[WhiteFideId "5072786"]
[BlackFideId "2047640"]
[WhiteElo "2561"]
[BlackElo "2727"]
[Result "1-0"]
[Round "06"]
[TimeControl "180+1"]
[Date "2022.03.15"]
[WhiteClock "0:00:03"]
[BlackClock "0:00:00"]

1. b3 d5 2. Bb2 Bf5 3. Nf3 e6 4. e3 h6 5. c4 c6 6. Nc3 Nf6 7. Be2 Nbd7 8. d4 Bd6 9. O-O O-O 10. h3 Qe7 11. Bd3 Ne4 12. Qc2 Ndf6 13. Ne2 Ng5 14. Bxf5 Nxf3+ 15. gxf3 exf5 16. Qxf5 g6 17. Qc2 Nh7 18. f4 Nf6 19. Ng3 Rfe8 20. Kg2 Qd7 21. Rae1 Re7 22. f3 Rae8 23. Qf2 Bc7 24. Bc1 h5 25. Rg1 Kh7 26. Ne2 Qf5 27. Ng3 Qd3 28. Qd2 dxc4 29. Qxd3 cxd3 30. Rd1 Nd5 31. Nf1 Nxe3+ 32. Bxe3 Rxe3 33. Nxe3 Rxe3 34. Rge1 Rxe1 35. Rxe1 d2 36. Rd1 Bxf4 37. Kf2 Kg7 38. Ke2 Kf6 39. b4 Ke6 40. a4 Kd5 41. Kd3 g5 42. Rb1 a6 43. b5 axb5 44. axb5 c5 45. dxc5 Kxc5 46. b6 f5 47. Ke2 Kc6 48. Kd3 Kc5 49. Ke2 Kc4 50. Kd1 Kc3 51. Rb5 g4 52. Rxf5 1-0


[Site "https://www.chess.com"]

[Event "Titled Tuesday Blitz March 15 Early 2022"]
[White "Avazkhonov, Alikhon"]
[Black "Dolzhykova, Kateryna"]
[WhiteFideId "14208504"]
[BlackFideId "14113414"]
[WhiteElo "1739"]
[BlackElo "2184"]
[Result "1-0"]
[Round "06"]
[TimeControl "180+1"]
[Date "2022.03.15"]
[WhiteClock "0:00:15"]
[BlackClock "0:00:01"]

1. f4 e5 2. fxe5 d6 3. exd6 Bxd6 4. Nf3 Nf6 5. e3 Ng4 6. d4 Nxh2 7. Nxh2 Qh4+ 8. g3 Bxg3+ 9. Kd2 Bxh2 10. Qe2 Nd7 11. Qxh2 Qf6 12. Nc3 c6 13. Ne4 Qe7 14. Nd6+ Kf8 15. Nxc8 Rxc8 16. Bd3 Nf6 17. Qe5 Qxe5 18. dxe5 Nd7 19. b3 Nxe5 20. Bb2 Nxd3 21. cxd3 h5 22. Rh4 Rh7 23. Rah1 g6 24. e4 Rd8 25. Ke3 Re8 26. Bf6 Kg8 27. e5 a6 28. Kd4 b6 29. Rc1 c5+ 30. Kd5 Rh6 31. d4 cxd4 32. Rxd4 g5 33. Rdc4 Rg6 34. Rc8 Kf8 35. Rxe8+ Kxe8 36. Rc8+ Kd7 37. Rd8+ Kc7 38. Rf8 g4 39. Rxf7+ Kc8 40. Kc6 Rg8 41. e6 g3 42. e7 g2 1-0


[Site "https://www.chess.com"]

[Event "Titled Tuesday Blitz March 15 Early 2022"]
[White "Babazada, Khazar"]
[Black "Arabidze, Meri"]
[WhiteFideId "13413554"]
[BlackFideId "13604040"]
[WhiteElo "2418"]
[BlackElo "2335"]
[Result "1-0"]
[Round "06"]
[TimeControl "180+1"]
[Date "2022.03.15"]
[WhiteClock "0:00:52"]
[BlackClock "0:00:06"]

1. Nf3 c5 2. g3 b6 3. Bg2 Bb7 4. O-O Nf6 5. b3 g6 6. Bb2 Bg7 7. d3 O-O 8. Nbd2 d5 9. Re1 d4 10. e4 dxe3 11. fxe3 Nc6 12. Qe2 Qc7 13. a3 e5 14. Rf1 e4 15. dxe4 Ng4 16. Bxg7 Kxg7 17. Qc4 Nge5 18. Qc3 f6 19. Rad1 Ba6 20. Nc4 Bxc4 21. bxc4 Nxf3+ 22. Bxf3 Qe5 23. Qe1 Rad8 24. Rd5 Qb2 25. Qd2 Qxa3 26. Rd7+ Kh8 27. Qd6 Qxe3+ 28. Kg2 Qd4 29. Rxd8 Rxd8 30. Qxc6 Kg7 31. Rd1 Qxd1 32. Bxd1 Rxd1 33. Qc7+ Kh6 34. Qxa7 Rd2+ 35. Kh3 Rxc2 36. Qf7 Rf2 37. Kg4 f5+ 38. exf5 Rxf5 39. Qe7 Rf1 40. Kh4 Rb1 41. g4 1-0


[Site "https://www.chess.com"]

[Event "Titled Tuesday Blitz March 15 Early 2022"]
[White "Baches Garcia, Guillermo"]
[Black "Kanyamarala, Tarun"]
[WhiteFideId "2209764"]
[BlackFideId "45004714"]
[WhiteElo "2431"]
[BlackElo "2075"]
[Result "0-1"]
[Round "06"]
[TimeControl "180+1"]
[Date "2022.03.15"]
[WhiteClock "0:00:10"]
[BlackClock "0:01:05"]

1. e4 e5 2. Nf3 d6 3. d4 exd4 4. Nxd4 Nf6 5. f3 Be7 6. c4 O-O 7. Nc3 c6 8. Be3 Nbd7 9. Nf5 Ne5 10. Nxe7+ Qxe7 11. Be2 Be6 12. b3 Rfd8 13. Bd4 Ng6 14. Qd2 d5 15. cxd5 cxd5 16. e5 Nh5 17. g3 Rac8 18. f4 Nhxf4 19. gxf4 Qh4+ 20. Bf2 Qh3 21. Nd1 d4 22. Bf1 Qf3 23. Rg1 Nxf4 24. Be2 Qe4 25. Bg3 Rc2 0-1


[Site "https://www.chess.com"]

[Event "Titled Tuesday Blitz March 15 Early 2022"]
[White "Bacrot, Etienne"]
[Black "Sarana, Alexey"]
[WhiteFideId "605506"]
[BlackFideId "24133795"]
[WhiteElo "2673"]
[BlackElo "2666"]
[Result "1/2-1/2"]
[Round "06"]
[TimeControl "180+1"]
[Date "2022.03.15"]
[WhiteClock "0:00:15"]
[BlackClock "0:00:33"]

1. Nf3 d5 2. g3 Nf6 3. Bg2 g6 4. O-O Bg7 5. b3 O-O 6. Bb2 a5 7. e3 a4 8. c4 Nc6 9. cxd5 Nxd5 10. Bxg7 Kxg7 11. bxa4 Bf5 12. Qb3 Nb6 13. Nc3 f6 14. Rfc1 Qd7 15. d4 Be6 16. Qb1 Bf7 17. Ne4 Nxa4 18. Nfd2 Bd5 19. Nc5 Nxc5 20. Bxd5 Na4 21. Qxb7 Qxd5 22. Qxc6 Qxc6 23. Rxc6 Ra7 24. Rac1 Rc8 25. Nc4 Kf7 26. d5 Rb8 27. e4 Rb5 28. Ne3 Rbb7 29. Nc4 Nb6 30. Nxb6 cxb6 31. R1c2 b5 32. Kg2 b4 33. Rb2 Ra3 34. Rc4 b3 35. axb3 Raxb3 36. Rxb3 Rxb3 37. Rc7 Rd3 38. h4 h5 39. f3 Rd2+ 40. Kf1 Kf8 41. Rc8+ Kf7 42. Rc7 Kf8 43. Rc3 Kf7 44. Ke1 Rg2 45. f4 Ke8 46. Rd3 Ra2 47. e5 fxe5 48. fxe5 Ra4 49. Kf2 Re4 50. Re3 Rd4 51. d6 exd6 52. exd6+ Kf7 53. Re7+ Kf6 54. Rd7 Ke6 55. Rg7 Kf6 56. Rd7 Ke6 57. Re7+ Kf6 58. Rd7 1/2-1/2


[Site "https://www.chess.com"]

[Event "Titled Tuesday Blitz March 15 Early 2022"]
[White "Bettalli, Francesco"]
[Black "Mitusov, Semen"]
[WhiteFideId "2816453"]
[BlackFideId "14151049"]
[WhiteElo "2216"]
[BlackElo "2265"]
[Result "0-1"]
[Round "06"]
[TimeControl "180+1"]
[Date "2022.03.15"]
[WhiteClock "0:00:03"]
[BlackClock "0:00:12"]

1. d4 d5 2. Nc3 Nf6 3. Bf4 c5 4. e3 cxd4 5. exd4 a6 6. Nf3 Nc6 7. Bd3 Bg4 8. Be2 e6 9. O-O Be7 10. h3 Bxf3 11. Bxf3 O-O 12. Be5 Rc8 13. Re1 b5 14. Qd2 Na5 15. Rab1 Nc4 16. Qd3 Qd7 17. a3 a5 18. Nd1 b4 19. axb4 axb4 20. Ne3 Nxe3 21. Rxe3 Rc4 22. c3 bxc3 23. bxc3 Rfc8 24. Qd2 Qa7 25. Be2 R4c6 26. Rg3 Ne8 27. Qh6 Bf8 28. Rb3 g6 29. Qf4 Qe7 30. Qe3 Ng7 31. Rf3 Nf5 32. Qd2 Bh6 33. Qb2 f6 34. Rb7 Qf8 35. Bh2 Bg7 36. g4 Nd6 37. Re3 Nxb7 38. Qxb7 e5 39. dxe5 fxe5 40. Bxe5 Bxe5 41. Rxe5 R8c7 42. Qb5 Rc5 43. Qa4 Qd6 44. Qe8+ Kg7 45. g5 Rxc3 46. Kg2 d4 0-1


[Site "https://www.chess.com"]

[Event "Titled Tuesday Blitz March 15 Early 2022"]
[White "Bintang, Rasyid A. Hidayat"]
[Black "Secer, Ata"]
[WhiteFideId "7105355"]
[BlackFideId "6303293"]
[WhiteElo "2359"]
[BlackElo "2282"]
[Result "0-1"]
[Round "06"]
[TimeControl "180+1"]
[Date "2022.03.15"]
[WhiteClock "0:00:47"]
[BlackClock "0:00:14"]

1. d4 d5 2. Bf4 c5 3. e3 Nc6 4. Nc3 cxd4 5. exd4 Bf5 6. Nf3 e6 7. Bd3 Bxd3 8. Qxd3 Bd6 9. Bxd6 Qxd6 10. Ne2 Nf6 11. O-O O-O 12. Ng3 Rac8 13. c3 a6 14. Rfe1 Qc7 15. Ne5 Nxe5 16. dxe5 Nd7 17. Qe3 b5 18. Qg5 h6 19. Qg4 Nxe5 20. Qd4 f6 21. f4 Nc6 22. Qd3 Qf7 23. a4 Rb8 24. axb5 axb5 25. Ra6 Rfc8 26. Rd1 b4 27. f5 e5 28. Qxd5 Qxd5 29. Rxd5 bxc3 30. bxc3 Rb2 31. Rc5 Rd8 32. h4 Rdd2 33. Nh5 Rxg2+ 34. Kf1 Ne7 35. Ra8+ Kh7 36. Nxf6+ gxf6 37. Ra7 Rbf2+ 38. Ke1 Rxf5 39. Rxe7+ Kg6 40. Rcc7 Kh5 41. c4 Rff2 42. c5 Ra2 43. Kf1 Rgc2 0-1


[Site "https://www.chess.com"]

[Event "Titled Tuesday Blitz March 15 Early 2022"]
[White "Bluebaum, Matthias"]
[Black "Gaehwiler, Gabriel"]
[WhiteFideId "24651516"]
[BlackFideId "1314530"]
[WhiteElo "2550"]
[BlackElo "2383"]
[Result "1-0"]
[Round "06"]
[TimeControl "180+1"]
[Date "2022.03.15"]
[WhiteClock "0:00:15"]
[BlackClock "0:00:02"]

1. b3 Nf6 2. Bb2 g6 3. Nf3 Bg7 4. g3 b6 5. Bg2 Bb7 6. c4 O-O 7. O-O c5 8. d4 cxd4 9. Qxd4 Nc6 10. Qc3 d5 11. cxd5 Qxd5 12. Ne5 Nd4 13. Bxd5 Nxe2+ 14. Kh1 Bxd5+ 15. Qf3 Bxf3+ 16. Nxf3 Ne4 17. Bxg7 Kxg7 18. Re1 N2c3 19. Nxc3 Nxc3 20. Rxe7 Rfe8 21. Rb7 Re2 22. Kg1 h6 23. a4 Ne4 24. b4 Rxf2 25. Ne5 Rf5 26. Rf1 Rxe5 27. Rfxf7+ Kg8 28. Rg7+ Kh8 29. Rh7+ Kg8 30. h4 Nd6 31. Rbg7+ Kf8 32. Rd7 Kg8 33. Rdg7+ Kf8 34. Rxg6 Nf7 35. Rf6 Re7 36. Rh8+ Kg7 37. Rxf7+ Kxf7 38. Rxa8 Kf6 39. Kf2 Kf5 40. b5 Ke4 41. Ke2 Kd4+ 42. Kf3 Kc4 43. Rf8 Kb3 44. Rf4 Rg7 45. g4 a6 46. bxa6 Ra7 47. g5 hxg5 48. hxg5 Rxa6 49. Kg4 Ra8 50. g6 Rg8 51. Kg5 1-0


[Site "https://www.chess.com"]

[Event "Titled Tuesday Blitz March 15 Early 2022"]
[White "Bodnaruk, Anastasia"]
[Black "Polster, Christian"]
[WhiteFideId "4181751"]
[BlackFideId "12965081"]
[WhiteElo "2393"]
[BlackElo "2303"]
[Result "0-1"]
[Round "06"]
[TimeControl "180+1"]
[Date "2022.03.15"]
[WhiteClock "0:00:31"]
[BlackClock "0:00:06"]

1. e4 c5 2. Nc3 Nc6 3. Bb5 Nd4 4. Bc4 e6 5. Nge2 g6 6. Nxd4 cxd4 7. Ne2 Bg7 8. c3 dxc3 9. bxc3 d5 10. exd5 exd5 11. Bb5+ Bd7 12. Qa4 a6 13. Bxd7+ Qxd7 14. Qxd7+ Kxd7 15. a4 Ne7 16. Rb1 Kc7 17. d4 Rae8 18. Bf4+ Kc8 19. Kd2 Nc6 20. Kd3 Re4 21. Rb6 Rhe8 22. Be3 Na5 23. Rhb1 R4e7 24. Nf4 Rd7 25. h4 Nc4 26. Nxd5 Ne5+ 27. dxe5 Rxd5+ 28. Kc2 Rd7 29. f4 Rc7 30. Bd4 Rd8 31. Kd3 Bf8 32. Ke4 Be7 33. g3 h5 34. e6 f5+ 35. Kd3 Bc5 36. Re1 Bxb6 0-1


[Site "https://www.chess.com"]

[Event "Titled Tuesday Blitz March 15 Early 2022"]
[White "Bogumil, Tatiana"]
[Black "Shkapenko, Pavel"]
[WhiteFideId "4110579"]
[BlackFideId "4151933"]
[WhiteElo "1761"]
[BlackElo "2386"]
[Result "0-1"]
[Round "06"]
[TimeControl "180+1"]
[Date "2022.03.15"]
[WhiteClock "0:00:03"]
[BlackClock "0:01:22"]

1. Nf3 Nf6 2. c4 e6 3. b3 a6 4. Bb2 b5 5. g3 c5 6. Bg2 Bb7 7. O-O Be7 8. a4 Qb6 9. axb5 axb5 10. Rxa8 Bxa8 11. Qc1 O-O 12. d4 d6 13. Nc3 bxc4 14. dxc5 Qxc5 15. Na4 Qa5 16. Qxc4 Bd5 17. Qd3 Nbd7 18. Nd2 Bxg2 19. Kxg2 Rb8 20. Bc3 Qa8+ 21. Kg1 Nd5 22. Ba1 Bg5 23. e3 Bf6 24. Bxf6 N7xf6 25. Rb1 Nd7 0-1


[Site "https://www.chess.com"]

[Event "Titled Tuesday Blitz March 15 Early 2022"]
[White "Bok, Benjamin"]
[Black "Weetik, Vjacheslav"]
[WhiteFideId "1017063"]
[BlackFideId "4153472"]
[WhiteElo "2658"]
[BlackElo "2469"]
[Result "1-0"]
[Round "06"]
[TimeControl "180+1"]
[Date "2022.03.15"]
[WhiteClock "0:01:39"]
[BlackClock "0:02:07"]

1. d4 Nf6 2. c4 g6 3. g3 Bg7 4. Bg2 d5 5. Nf3 O-O 6. O-O c6 7. b3 a5 8. Nc3 Ne4 9. Bb2 Bf5 10. e3 Nxc3 11. Bxc3 Be4 12. Qe2 a4 13. Rfc1 Na6 14. bxa4 Nc7 15. a5 dxc4 16. Qxc4 Nb5 17. Bb4 Re8 18. Ng5 Bxg2 19. Qxf7+ Kh8 20. Ne6 Rg8 21. Nxd8 Bd5 22. Qxd5 1-0


[Site "https://www.chess.com"]

[Event "Titled Tuesday Blitz March 15 Early 2022"]
[White "Bortnyk, Olexandr"]
[Black "Barp, Alberto"]
[WhiteFideId "14120828"]
[BlackFideId "872555"]
[WhiteElo "2723"]
[BlackElo "2229"]
[Result "1-0"]
[Round "06"]
[TimeControl "180+1"]
[Date "2022.03.15"]
[WhiteClock "0:01:04"]
[BlackClock "0:00:16"]

1. e4 c6 2. c4 d5 3. cxd5 cxd5 4. exd5 Nf6 5. Qa4+ Nbd7 6. Nc3 a6 7. Nf3 Rb8 8. d4 b5 9. Qb3 Bb7 10. Bf4 Rc8 11. a4 b4 12. Qxb4 Bxd5 13. Bxa6 e5 14. Qb5 Bc4 15. dxe5 Bxb5 16. Bxb5 Bb4 17. exf6 O-O 18. O-O Bxc3 19. bxc3 Nxf6 20. c4 Ne4 21. a5 Nc3 22. Be5 Nxb5 23. cxb5 Qd5 24. b6 Ra8 25. a6 Qb5 26. Rfb1 Qc6 27. b7 Rxa6 28. Rxa6 Qxa6 29. b8=Q 1-0


[Site "https://www.chess.com"]

[Event "Titled Tuesday Blitz March 15 Early 2022"]
[White "Bryakin, Mikhail"]
[Black "Guseva, Marina"]
[WhiteFideId "4165314"]
[BlackFideId "4149351"]
[WhiteElo "2417"]
[BlackElo "2160"]
[Result "1/2-1/2"]
[Round "06"]
[TimeControl "180+1"]
[Date "2022.03.15"]
[WhiteClock "0:01:08"]
[BlackClock "0:00:09"]

1. e4 c5 2. Nc3 d6 3. f4 g6 4. Nf3 Bg7 5. Bb5+ Bd7 6. a4 e6 7. O-O Ne7 8. d3 O-O 9. Kh1 a6 10. Bxd7 Qxd7 11. a5 Nbc6 12. Na4 Qc7 13. Nb6 Rad8 14. Qe1 Nd4 15. Nxd4 cxd4 16. Rf2 Rfe8 17. Ra4 f5 18. Rc4 Nc6 19. Bd2 Qf7 20. b3 d5 21. Ra4 dxe4 22. dxe4 e5 23. exf5 e4 24. fxg6 hxg6 25. Bc1 e3 26. Rf3 Qf5 27. Ra2 e2 28. Bd2 d3 29. Rxd3 Rxd3 30. cxd3 Qxd3 31. h3 Nd4 32. Kh2 Nc2 33. Qc1 e1=Q 34. Bxe1 Nxe1 35. Qc4+ Qxc4 36. Nxc4 Nd3 37. Nd6 Re7 38. g3 Nb4 39. Ra4 Bc3 40. h4 Re2+ 41. Kh3 Kg7 42. Nxb7 Nd3 43. Rc4 Nf2+ 44. Kg2 Nd1+ 45. Kf3 Re3+ 46. Kg2 Re2+ 47. Kg1 Re1+ 48. Kh2 Re2+ 49. Kh3 Nf2+ 50. Kg2 Nd1+ 1/2-1/2


[Site "https://www.chess.com"]

[Event "Titled Tuesday Blitz March 15 Early 2022"]
[White "Buscar, Michael"]
[Black "Flis, Pawel"]
[WhiteFideId "2603616"]
[BlackFideId "1112864"]
[WhiteElo "2010"]
[BlackElo "1735"]
[Result "1-0"]
[Round "06"]
[TimeControl "180+1"]
[Date "2022.03.15"]
[WhiteClock "0:00:15"]
[BlackClock "0:00:01"]

1. b3 e5 2. Bb2 d6 3. d4 exd4 4. Qxd4 Nc6 5. Qd1 Nf6 6. e3 Be7 7. Nd2 O-O 8. a3 Bf5 9. Ngf3 Ne4 10. Bd3 Nxd2 11. Bxf5 Nxf3+ 12. Qxf3 Bf6 13. c3 Rb8 14. Bc2 Ne5 15. Qe4 Ng6 16. g3 d5 17. Qf5 c6 18. h4 Qc8 19. Qd3 h5 20. Qe2 Qg4 21. Qxg4 hxg4 22. Bxg6 fxg6 23. O-O-O Be5 24. Rd2 Rf3 25. Re1 Rbf8 26. Ree2 Kh7 27. Kd1 Kh6 28. Rc2 g5 29. hxg5+ Kxg5 30. e4 Bf6 31. exd5 cxd5 32. Bc1+ Kf5 33. Be3 a6 34. Red2 Rd8 35. Rd3 Bg5 36. Re2 Bxe3 37. Rdxe3 d4 38. Re5+ Kg6 39. cxd4 Rxd4+ 40. Kc2 Rd7 41. Re6+ Kh7 42. R6e4 Rc7+ 43. Kb2 Rcf7 44. Rxg4 Rxf2 45. Rxf2 Rxf2+ 46. Kc3 Rf3+ 47. Kc4 Rf5 48. b4 Kg8 49. Rd4 Rg5 50. g4 Kh7 51. Rd5 Rxg4+ 52. Kc5 Rg3 53. a4 Ra3 54. a5 Rb3 55. Rd4 Rh3 56. Kb6 1-0


[Site "https://www.chess.com"]

[Event "Titled Tuesday Blitz March 15 Early 2022"]
[White "Butti, Enrique"]
[Black "Van den Dikkenberg, Erik"]
[WhiteFideId "3700470"]
[BlackFideId "1005880"]
[WhiteElo "2080"]
[BlackElo "2118"]
[Result "1/2-1/2"]
[Round "06"]
[TimeControl "180+1"]
[Date "2022.03.15"]
[WhiteClock "0:00:01"]
[BlackClock "0:00:51"]

1. d4 Nf6 2. Nf3 g6 3. c4 Bg7 4. Nc3 O-O 5. Bg5 d6 6. e3 c6 7. Be2 a6 8. O-O b5 9. b3 b4 10. Na4 Nbd7 11. Qc2 a5 12. c5 d5 13. Bd3 Rb8 14. Rfe1 h6 15. Bh4 g5 16. Bg3 Ra8 17. e4 dxe4 18. Bxe4 Nxe4 19. Qxe4 Nf6 20. Qxc6 Bd7 21. Qb6 Nd5 22. Qxd8 Rfxd8 23. Nb6 Nxb6 24. cxb6 Bc6 25. Rac1 Bxf3 26. gxf3 Bxd4 27. b7 Bc3 28. bxa8=Q Rxa8 29. Rxe7 Kf8 30. Rc7 Rd8 31. R7xc3 bxc3 32. Rxc3 f5 33. Bc7 Rd1+ 34. Kg2 Rd2 35. a4 Kf7 36. Bxa5 Rd5 37. Bb6 h5 38. a5 Rb5 39. Rc6 Rxb3 40. a6 Ra3 41. a7 g4 42. Rc8 gxf3+ 43. Kg3 h4+ 44. Kxh4 Ra4+ 45. Kg5 Rg4+ 46. Kxf5 Ra4 47. a8=Q Rxa8 48. Rxa8 Ke7 49. Ra7+ Kd6 50. Ke4 Kc6 51. Kxf3 Kxb6 52. Rg7 Kc5 53. h4 Kd6 54. h5 Ke6 55. h6 Kf6 56. Rg1 Kf5 57. h7 Kf6 58. h8=Q+ Kf5 59. Qh7+ Ke6 60. Rg6+ Ke5 1/2-1/2


[Site "https://www.chess.com"]